 Dungeon Crawl Stone Soup version 0.24.1-4-ge52af88ad5 (webtiles) character file.

Game seed: 7340542156664625616, levelgen mode: deterministic

3532 unvid the Martial Artist (level 10, -3/68 HPs)
             Began as an Octopode Transmuter on Apr 16, 2020.
             Was an Initiate of Gozag.
             Slain by a water moccasin skeleton (5 damage)
             ... on level 8 of the Dungeon.
             The game lasted 00:14:45 (9832 turns).

unvid the Martial Artist (Octopode Transmuter)      Turns: 9832, Time: 00:14:46

Health: -3/68      AC:  1    Str:  9    XL:     10   Next: 8%
Magic:  2/17       EV: 18    Int: 16    God:    Gozag
Gold:   347        SH:  0    Dex: 16    Spells: 3/19 levels left

rFire    . . .     SeeInvis .     - Unarmed
rCold    . . .     Gourm    .   (shield currently unavailable)
rNeg     . . .     Faith    .   (helmet restricted)
rPois    .         Spirit   .   (no amulet)
rElec    .         Reflect  .   D - +4 ring of evasion
rCorr    .         Harm     .   (no ring)
MR       .....                  (no ring)
Stlth    ++++......             (no ring)
HPRegen  0.21/turn              (no ring)
MPRegen  0.15/turn              (no ring)
                                (no ring)
                                (no ring)

@: blade tentacles (expiring), gold aura
A: almost no armour, stealthy swim, amphibious, 8 rings, constrict 8, camouflage
1, gelatinous body 1
a: End Transformation, Potion Petition, Call Merchant, Bribe Branch, Renounce
Religion


You were on level 8 of the Dungeon.
You worshipped Gozag.
Gozag was aware of your devotion.
You were not hungry.
You had blades for tentacles.
You visited 1 branch of the dungeon, and saw 8 of its levels.

You collected 879 gold pieces.
You spent 504 gold pieces at shops.
You paid 28 gold pieces to Gozag.

Inventory:

Missiles
 a - 26 arrows
 g - 205 stones (quivered)
 s - 2 atropa-tipped darts
Armour
 E - a +0 buckler
Magical Staves
 A - an uncursed staff of conjuration
Jewellery
 y - an uncursed ring of fire
 D - a +4 ring of evasion (left scythe-like blade)
Wands
 v - a wand of random effects (27)
 x - a wand of iceblast (4)
 C - a wand of acid (8)
Scrolls
 b - 2 scrolls of immolation {unknown}
 d - a scroll of enchant weapon {unknown}
 f - 2 scrolls of fear {unknown}
 i - 4 scrolls of remove curse {unknown}
 k - 5 scrolls of blinking {unknown}
 m - a scroll of amnesia {unknown}
 n - 4 scrolls of fog {unknown}
 t - 6 scrolls of teleportation
 w - 4 scrolls of identify
 z - 2 scrolls of magic mapping {unknown}
 B - 2 scrolls of enchant armour
Potions
 e - 3 potions of agility
 h - 4 potions of brilliance {unknown}
 j - 2 potions of heal wounds
 l - a potion of ambrosia
 o - 2 potions of flight
 p - a potion of haste
 q - 5 potions of lignification
 r - 2 potions of curing
 u - a potion of cancellation {unknown}
Comestibles
 c - 10 rations


   Skills:
 + Level 6.2 Fighting
 - Level 2.0 Dodging
 - Level 5.8 Stealth
 + Level 3.0 Shields
 * Level 8.4 Unarmed Combat
 + Level 5.1 Spellcasting
 + Level 6.7 Transmutations


You had 3 spell levels left.
You knew the following spells:

 Your Spells              Type           Power        Failure   Level  Hunger
a - Confusing Touch       Hex            #.....       56%         1    None
b - Sticks to Snakes      Tmut           ####....     17%         2    #......
c - Spider Form           Tmut/Pois      ##........   50%         3    ###....
d - Beastly Appendage     Tmut           ####..       14%         1    None
e - Ice Form              Ice/Tmut       ##......     78%         4    ####...
f - Blade Hands           Tmut           ####......   69%         5    ######.

Your spell library contained the following spells:

 Spells                   Type           Power        Failure   Level  Hunger
 Animate Skeleton         Necr           N/A          56%         1    None
 Apportation              Tloc           #.....       56%         1    None
 Summon Small Mammal      Summ           #...         56%         1    None


Dungeon Overview and Level Annotations

Branches:
Dungeon (8/15)             Temple (0/1) D:4
   Lair: D:8-11

Altars:
Gozag
Makhleb
Vehumet

Shops:
D:6 =


Innate Abilities, Weirdness & Mutations

You cannot wear most types of armour.
You are very stealthy in the water. (Stealth+)
You are amphibious.
You can wear up to eight rings at the same time.
You can use your tentacles to constrict eight enemies at once.
Your skin changes colour to match your surroundings (Stealth+).
Your rubbery body absorbs attacks. (AC +1, EV +1)


Message History

Joseph is almost dead.
You constrict Joseph.
The water moccasin skeleton completely misses you.
The centaur barely misses you.
Joseph hits you with a +2 antimagic quarterstaff!
* * * LOW HITPOINT WARNING * * *
You feel your power leaking away.
You completely miss Joseph. You squeeze Joseph, but do no damage.
Joseph is almost dead.
You constrict Joseph.
You kill Joseph!
Your Shields skill increases to level 3!
Your Spellcasting skill increases to level 5!
You have reached level 10!
You feel clever. The centaur hits you.
* * * LOW HITPOINT WARNING * * *
The water moccasin skeleton bites you.
You die...
Your body crumbles into a pile of gold.

#. #.
######.##############
$
.....................
######.##.#........#
#######.##.#....###.
#.......##.#.###.#
#.##.#Z.##.#.# # ..
#.@##.#<# ..Z
#c$##.### .. .......#
. $.##.....c ...
##.#### .: #+# .


You could see a centaur and a water moccasin skeleton.

Vanquished Creatures
  Pikel (D:6)
  Joseph (D:8)
  Prince Ribbit (D:5)
  Sigmund (D:3)
  A water moccasin (D:6)
  2 sky beasts (D:7)
  An orc warrior (D:7)
  A slave (D:6)
  3 ice beasts
  A phantom (D:4)
  A necrophage (D:7)
  3 ogres
  A bullfrog (D:6)
  3 scorpions
  9 killer bees (D:7)
  4 wights (D:7)
  A crimson imp (D:7)
  An orc priest (D:7)
  A quasit (D:6)
  A jelly (D:7)
  A hound (D:2)
  3 orc wizards
  An iguana (D:7)
  3 worker ants
  2 hound skeletons
  A howler monkey skeleton (D:4)
  6 adders
  2 shadow imps
  2 oozes
  An adder skeleton (D:4)
  A worm (D:2)
  4 dart slugs
  2 leopard geckos
  20 orcs
  2 giant cockroaches
  12 goblins
  9 hobgoblins
  11 jackals
  8 kobolds
  5 quokkas
  2 ball pythons
  10 bats
  6 frilled lizards
  2 quokka skeletons (D:5)
  7 rats
161 creatures vanquished.

Vanquished Creatures (collateral kills)
  An adder (D:4)
1 creature vanquished.

Vanquished Creatures (others)
  3 slaves (D:6)
  A bullfrog (D:6)
  A crimson imp (D:6)
  A hound (D:6)
  An orc wizard (D:6)
  A worker ant (D:6)
  An adder (D:6)
  A shadow imp (D:6)
  A dart slug (D:1)
  A bat (D:1)
  A quokka (D:6)
13 creatures vanquished.

Grand Total: 175 creatures vanquished

Notes
Turn   | Place    | Note
-------+----------+-------------------------------------------
     0 | D:1      | unvid the Octopode Transmuter began the quest for the Orb.
     0 | D:1      | Reached XP level 1. HP: 13/13 MP: 3/3
   211 | D:1      | Reached skill level 1 in Stealth
   211 | D:1      | Reached XP level 2. HP: 14/18 MP: 5/5
   562 | D:1      | Reached XP level 3. HP: 20/23 MP: 6/6
  1302 | D:1      | Learned a level 2 spell: Sticks to Snakes
  1306 | D:1      | Learned a level 3 spell: Spider Form
  1719 | D:2      | Reached XP level 4. HP: 21/29 MP: 3/7
  2103 | D:2      | Found a burning altar of Makhleb.
  2272 | D:2      | Reached XP level 5. HP: 27/35 MP: 8/8
  2914 | D:3      | Noticed Sigmund
  2926 | D:3      | Killed Sigmund
  2926 | D:3      | Reached XP level 6. HP: 27/42 MP: 4/9
  3145 | D:3      | Learned a level 1 spell: Confusing Touch
  3409 | D:3      | Found an opulent altar of Gozag.
  3445 | D:3      | Became a worshipper of Gozag Ym Sagoz the Greedy
  3852 | D:4      | Noticed a phantom
  4274 | D:4      | Found a radiant altar of Vehumet.
  4403 | D:4      | Reached XP level 7. HP: 19/46 MP: 7/10
  4786 | D:4      | Reached skill level 5 in Stealth
  4786 | D:4      | Reached skill level 4 in Unarmed Combat
  5278 | D:4      | Found a staircase to the Ecumenical Temple.
  5487 | D:5      | Entered Level 5 of the Dungeon
  5817 | D:5      | Noticed Prince Ribbit
  5841 | D:5      | Killed Prince Ribbit
  5841 | D:5      | Reached skill level 5 in Unarmed Combat
  5841 | D:5      | Reached XP level 8. HP: 15/54 MP: 6/12
  6141 | D:5      | Reached skill level 5 in Transmutations
  7211 | D:6      | Noticed Pikel
  7226 | D:6      | Reached skill level 6 in Unarmed Combat
  7254 | D:6      | Killed Pikel
  7254 | D:6      | Reached skill level 5 in Fighting
  7254 | D:6      | Reached XP level 9. HP: 12/61 MP: 7/15
  7775 | D:6      | Found Bubrosch's Jewellery Shop.
  7780 | D:6      | Bought a +4 ring of evasion for 504 gold pieces
  7827 | D:6      | Reached skill level 7 in Unarmed Combat
  8261 | D:6      | Noticed a cyclops
  8311 | D:6      | Learned a level 4 spell: Ice Form
  8317 | D:6      | Learned a level 5 spell: Blade Hands
  8378 | D:7      | Reached skill level 1 in Shields
  8584 | D:7      | Identified the cursed +1 ring mail "Rodyebb" {rN+ Int-2
                  | Dex+3}
  9366 | D:7      | Reached skill level 8 in Unarmed Combat
  9809 | D:8      | Noticed Joseph
  9832 | D:8      | Killed Joseph
  9832 | D:8      | Reached skill level 5 in Spellcasting
  9832 | D:8      | Reached XP level 10. HP: 8/68 MP: 2/17
  9832 | D:8      | HP: 2/68 [centaur (6)]
  9832 | D:8      | Slain by a water moccasin skeleton

Levels and vault maps discovered:
D:1:      giann_bridges, layout_basic, lemuel_old_faithful
D:2:      layout_basic, chequers_serial_rivers_micro_e, makhleb_heckhound_becter
D:3:      kennysheep_big_flooded_room, layout_basic, first_ration,
          nicolae_gozag_seed_capital, uniq_sigmund
D:4:      layout_cave_pools, vehumet_crystals, minmay_temple_entry_nine_rooms
D:5:      layout_cave_pools, kennysheep_cross_room, feat_on_display,
          uniq_prince_ribbit1
D:6:      minmay_opposing_rooms, layout_loops_cross, serial_shops, shop,
          uniq_pikel
D:7:      layout_rooms, minmay_misc_feat_cross
D:8:      layout_basic, blue_anna_alchemist [blue_anna_fruit_fields,
          blue_anna_fruit_fields], uniq_joseph

Skill      XL: |  1  2  3  4  5  6  7  8  9 |
---------------+----------------------------+-----
Stealth        | 1 2 3 4 5 |  5.8
Transmutations | 3 4 5 6 |  6.7
Fighting       | 2 3 4 5 6 |  6.2
Unarmed Combat | 5 6 8 |  8.4
Spellcasting   | 4 5 |  5.1
Shields        | 3 |  3.0
Dodging        | |  2.0

Action                   |  1- 3 |  4- 6 |  7- 9 | 10-12 || total
-------------------------+-------+-------+-------+-------++-------
Melee: Unarmed           |    86 |   143 |   331 |       ||   560
       Constrict         |    25 |    29 |    28 |       ||    82
       Tentacles         |    14 |    22 |    21 |       ||    57
       Punch             |     2 |     1 |     6 |       ||     9
       Kick              |       |     2 |       |       ||     2
Throw: Stone             |    25 |    55 |     7 |       ||    87
 Cast: Sticks to Snakes  |     3 |     7 |     3 |       ||    13
       Beastly Appendage |     1 |     1 |       |       ||     2
       Spider Form       |       |     4 |    14 |       ||    18
       Confusing Touch   |       |       |    12 |       ||    12
       Blade Hands       |       |       |     2 |       ||     2
       Ice Form          |       |       |     2 |       ||     2
Invok: Potion Petition   |       |       |     1 |       ||     1
Evoke: Wand              |       |       |     3 |       ||     3
  Use: Scroll            |       |     9 |       |       ||     9
       Potion            |       |     2 |     3 |       ||     5
 Stab: Sleeping          |     3 |     3 |     8 |       ||    14
       Confused          |       |       |     8 |       ||     8
       Distracted        |       |       |     2 |       ||     2
  Eat: Chunk             |     1 |     7 |       |       ||     8
       Ration            |       |     1 |     7 |       ||     8
Armor: Skin              |     9 |    18 |    10 |       ||    37
Dodge: Dodged            |    57 |    94 |   226 |       ||   377
